Zazza, neutral female human Tourist ------------- |............ ........<...| |...........| ---------|--- # ----------- # |.........| # |.........| # # |.........|# # ### |.........|`#########@################ ..........-# -o-----------## -|------ ----------- |...........| |......| |...........| #.......| |............####|......| |...........| -------- |...........| |...........| ------------- Zazza the Rambler Experience level: 1 Strength: 11 Dexterity: 13 Constitution: 15 Intelligence: 13 Wisdom: 9 Charisma: 18 Health: 0(10) Energy: 3(3) Def: 7 Gold: 225 Moves: 2438 Dungeon seed: SJEk5Cpjh-uG9DF4 Game ID: Zazza_1599491901 Your Inventory: Coins $ - 225 gold pieces Weapons a - 26 +2 darts P - a +0 long sword Q - a +0 orcish dagger R - a +0 dagger (weapon in hand) Armor e - an uncursed +0 Hawaiian shirt (being worn) q - an uncursed +0 pair of leather gloves (being worn) y - an uncursed +0 helm of brilliance (being worn) z - an uncursed +0 dwarvish cloak (being worn) N - an uncursed +0 elven mithril-coat (being worn) Y - an uncursed +0 orcish helm Comestibles c - an uncursed melon d - an uncursed egg i - an uncursed tripe ration Scrolls m - 4 uncursed scrolls of magic mapping s - a cursed scroll of confuse monster T - a blessed scroll of taming Potions l - 2 uncursed potions of extra healing r - an uncursed potion of levitation u - an uncursed potion of extra healing A - an uncursed potion of blindness G - an uncursed potion of polymorph J - a blessed potion of levitation L - an uncursed potion of water M - an uncursed potion of invisibility Tools n - an expensive camera (0:75) o - an uncursed credit card p - an uncursed leash Spells and supernatural/magical abilities: Name Level Category Fail Memory W - pray for help -- divine ? -- Your skills at the end: Fighting Skills Weapon Skills dart [Basic] Spellcasting Skills Final Attributes: You were stridently aligned. You are dead. Vanquished creatures: a wererat a gas spore a hobbit 2 geckos 5 jackals 2 goblins 10 grid bugs a lichen 8 newts 31 creatures vanquished. Voluntary challenges: You used a wielded weapon 3 times, starting on turn 1615. You read items or engraved 4 times, starting on turn 926. You never genocided any monsters. You never polymorphed an object. You never changed form. You used no wishes. You never split a pudding. You wrote Elbereth's name 2 times, starting on turn 926. You never violated your personal moral code. Dungeon overview: The Dungeons of Doom: levels 1 to 5 Level 1 an altar to Offler a long staircase Level 2 an armor shop Level 3 a potion shop, some fountains Level 4 a scroll shop stairs to The Gnomish Mines Level 5 <- You were here The Gnomish Mines: Level 5 stairs to The Dungeons of Doom History has recorded: On T:1 you entered the Dungeons of Doom to retrieve the Amulet of Yendor! On T:325 you reached level 2 of The Dungeons of Doom. On T:953 you reached level 3 of The Dungeons of Doom. On T:1758 you reached level 4 of The Dungeons of Doom. On T:2315 you reached level 1 of The Gnomish Mines. On T:2341 you reached level 5 of The Dungeons of Doom. Score breakdown: Gold: 0 ( 0 points) Experience: 1 level ( 0 points) Exploration: 5 levels ( 10.64%) ( 8846 points) Discoveries: 3 items ( 1.01%) ( 3010 points) Valuables value: (no points given unless you survive) Artifact value: 0 ( 0 points) Variety of kills: 9 monsters ( 2.36%) ( 4610 points) Turncount: 2438 turns ( -293 points) Survival: died (score multiplied by 80%) Total score: 12938 Latest messages: You displace Armand. $ - 148 gold pieces. You are beginning to feel hungry. The acid blob oozes under the door. That food really hit the spot! You finish eating the food ration. The door opens. With great effort you move the boulder. You try to move the boulder, but in vain. You stop. Armand is in the way! The wererat hits! You feel strong! You must have been exercising. You feel tough! You must be leading a healthy life-style. You displace Armand. You hear some noises. You hear some noises in the distance. You hear some noises. You hear some noises in the distance. The hobgoblin misses. The hobgoblin hits! You die... Final status: Aloha Zazza the Tourist, killed by a hobgoblin... You died in The Dungeons of Doom on dungeon level 5 with 12938 points, and 225 pieces of gold, after 2438 moves. You were level 1 with a maximum of 10 hit points when you died.